[Event "Masterklassen 2025"]
[Site "Uppsala, Sweden"]
[Date "2025.07.02"]
[Round "5.5"]
[White "Granath, Jonas"]
[Black "Walinder, Lars"]
[Result "1/2-1/2"]
[TimeControl "90 min for 40 move + 30 min with an increment of 30 sec starting move 1"]
[BlackTitle "FM"]
[WhiteFideId "1761013"]
[BlackFideId "1707329"]
[WhiteElo "2008"]
[BlackElo "2181"]

1. e4 c5 2. c3 Nf6 3. e5 Nd5 4. d4 cxd4 5. cxd4 d6 6. Nf3 Nc6 7. Bc4 dxe5 8. dxe5 Ndb4 9. O-O Qxd1 10.
Rxd1 Bg4 11. Nc3 e6 12. Bf4 Be7 13. Rac1 Bxf3 14. gxf3 g5 15. Bg3 h5 16. h4 gxh4 17. Bf4 Rd8 18.
a3 Na6 19. Ne4 Nd4 20. Nd6+ Bxd6 21. exd6 e5 22. Bxe5 Nxf3+ 23. Kg2 Nxe5 24. Re1 Rxd6 25. Rxe5+ Kd8 26. Bxf7 Nc7 27. Rcc5 Rf8 28.
Rf5 b6 29. Bxh5 Rh8 30. Rce5 Rdh6 31. Bf7 Rf8 32. Bc4 Rxf5 33. Rxf5 Kd7 34. Kh3 Kd6 35. Rf4 b5 36. Ba2 Ne6 37.
Bxe6 Rxe6 38. Rb4 Kc5 39. Rxh4 Re2 40. b4+ Kd5 41. Rh5+ Kc6 42. Kg3 Rc2 43. Re5 Kd6 44. Re3 Kd5 45.
f4 Kd4 46. Rf3 Ke4 47. f5 Rc1 48. f6 Rg1+ 49. Kf2 Rg8 50. f7 Rf8 51. Kg3 Ke5 52. Kg4 Ke6 53. Kg5 Rxf7 54. Rxf7 Kxf7 55.
Kf5 Ke7 56. Ke5 Kd7 57. Kd5 Kc7 58. Kc5 a6 59. Kd5 Kd7 60. Kc5 Kc7 1/2-1/2

[Event "Masterklassen 2025"]
[Site "Uppsala, Sweden"]
[Date "2025.07.02"]
[Round "5.6"]
[White "Dingertz, Erik"]
[Black "Jonsson, Jacob"]
[Result "1/2-1/2"]
[TimeControl "90 min for 40 move + 30 min with an increment of 30 sec starting move 1"]
[WhiteFideId "1741578"]
[BlackFideId "1726315"]
[WhiteElo "2121"]
[BlackElo "2112"]

1. d4 Nf6 2. c4 e6 3. g3 d5 4. Bg2 h6 5. Nf3 Bd6 6. O-O O-O 7. Qc2 b6 8. Nc3 Bb7 9. cxd5 exd5 10.
Nb5 Nc6 11. Nxd6 cxd6 12. Bd2 Qd7 13. Rfc1 Rfe8 14. e3 Ne4 15. Be1 Re7 16. b4 Nd8 17. a4 a6 18. b5 axb5 19. axb5 Rxa1 20.
Rxa1 Qxb5 21. Rb1 Qc6 22. Qxc6 Bxc6 23. Rxb6 Rb7 24. Rxb7 Nxb7 25. Bb4 Kf8 26. Bf1 Ke7 27. Ne5 Nd8 28.
f3 Nf6 29. Ba6 Ba4 30. Nd3 Nc6 31. Ba3 Nb8 32. Bc8 Bd7 33. Bxd7 Kxd7 34. g4 Nc6 35. Kf2 Ne7 36. h4 h5 37.
g5 Ne8 38. e4 Ng6 39. Kg3 Nc7 40. Nf4 Nxf4 41. Kxf4 g6 42. Ke3 1/2-1/2

[Event "Masterklassen 2025"]
[Site "Uppsala, Sweden"]
[Date "2025.07.02"]
[Round "5.7"]
[White "Sundin, Emanuel"]
[Black "Johnson, Daniel"]
[Result "0-1"]
[TimeControl "90 min for 40 move + 30 min with an increment of 30 sec starting move 1"]
[WhiteFideId "1719173"]
[BlackFideId "1721283"]
[WhiteElo "2117"]
[BlackElo "2175"]

1. e4 e5 2. Nf3 Nc6 3. d4 exd4 4.
Bc4 Nf6 5. e5 d5 6. Bb5 Ne4 7. Nxd4 Bc5 8. Be3 O-O 9. Nxc6 bxc6 10. Bxc5 Nxc5 11. Bxc6 Rb8 12. Qxd5 Qe7 13. O-O Ba6 14.
Rc1 Rxb2 15. Nc3 Rd8 16. Qf3 Ne6 17. Nd5 Qc5 18. c3 Kf8 19. Nb4 Bc4 20. Rc2 Rxc2 21. Nxc2 Rd3 22. Ne3 Qxe5 23.
Qe4 Qxe4 24. Bxe4 Rxc3 25. Nxc4 Rxc4 26. Bd5 Rd4 27. Bf3 Ke7 28. Kf1 Rd2 29. g3 a5 30. h4 a4 31. a3 h6 32.
Bc6 Nc5 33. Rc1 Kd6 34. Bb5 Rb2 35. Rd1+ Ke7 36. Bc4 f5 37. Rd5 Ne4 38. Be2 Rxe2 0-1

[Event "Masterklassen 2025"]
[Site "Uppsala, Sweden"]
[Date "2025.07.02"]
[Round "5.8"]
[White "Kingsley, Elias"]
[Black "Eklund, Joel"]
[Result "1/2-1/2"]
[TimeControl "90 min for 40 move + 30 min with an increment of 30 sec starting move 1"]
[WhiteFideId "1775006"]
[BlackFideId "1705288"]
[WhiteElo "2072"]
[BlackElo "2194"]

1. c4 e6 2. Nf3 Nf6 3. d4 d5 4. Nc3 a6 5. c5 b6 6. cxb6 c5 7. Bf4 Bd6 8. Bxd6 Qxd6 9. dxc5 Qxc5 10.
Qd4 Qd6 11. e4 Nc6 12. Qd2 d4 13. Bb5 axb5 14. Nxb5 Qb4 15. Nc7+ Ke7 16. Nxa8 Bd7 17. Nc7 Qxb6 18. O-O Qxc7 19.
Qg5 e5 20. Rfc1 Qd6 21. a3 Rb8 22.
b4 Kf8 23. Nd2 h6 24. Qg3 Nh5 25. Qf3 Qg6 26. Rc5 Nf4 27. Kh1 d3 28. Qg3 Qd6 29. Qe3 Be6 30. g3 Nh3 31.
Kg2 Ne7 32. Nc4 Bxc4 33. Rxc4 Ng6 34. Rd1 Qe6 35. Rc3 Qg4 36. Rf1 Rd8 37. f3 Nh4+ 38. Kh1 Nxf3 39.
Rxd3 Rxd3 40. Qxd3 Nd4 41. a4 Qd7 42. b5 Ng5 43. h4 Nxe4 44. Qxe4 Qh3+ 45. Kg1 Qxg3+ 46. Kh1 Qh3+ 47. Kg1 Qg3+ 48. Kh1 Qh3+ 49. Kg1 1/2-1/2

[Event "Masterklassen 2025"]
[Site "Uppsala, Sweden"]
[Date "2025.07.02"]
[Round "5.9"]
[White "Ostensson, Julia"]
[Black "Tornberg, Carlos"]
[Result "1-0"]
[TimeControl "90 min for 40 move + 30 min with an increment of 30 sec starting move 1"]
[WhiteFideId "1747703"]
[BlackFideId "1733478"]
[WhiteElo "2005"]
[BlackElo "2233"]

1. e4 e5 2. Nf3 Nc6 3. Bb5 a6 4. Ba4 d6 5. O-O Bd7 6. c3 g6 7. d4 Bg7 8. Re1 Nf6 9. dxe5 Nxe5 10.
Nxe5 dxe5 11. Bxd7+ Nxd7 12. Be3 O-O 13. Qd5 Qc8 14. Nd2 Re8 15. Rad1 Nf6 16. Qb3 Bf8 17. f3 Re6 18. c4 Nh5 19.
c5 g5 20. Nc4 Nf4 21. g3 Nh3+ 22. Kg2 Re8 23. Qd3 Qe6 24. Qd5 Qh6 25. Nxe5 Nf4+ 26. gxf4 gxf4 27. Qxf7+ Kh8 28. Ng4 1-0

[Event "Masterklassen 2025"]
[Site "Uppsala, Sweden"]
[Date "2025.07.02"]
[Round "5.10"]
[White "Willstedt, Lukas"]
[Black "Karde, Douglas"]
[Result "1/2-1/2"]
[TimeControl "90 min for 40 move + 30 min with an increment of 30 sec starting move 1"]
[WhiteFideId "1751913"]
[BlackFideId "1761498"]
[WhiteElo "2055"]
[BlackElo "2064"]

1. d4 Nf6 2. Bf4 g6 3. Nd2 d5 4. e3 Bg7 5. h3 O-O 6. Ngf3 c5 7. c3 cxd4 8. exd4 Nc6 9. Be2 Qb6 10. Qb3 Qxb3 11. axb3 Bf5 12. Ne5 Nd7 13. Nxd7 Bxd7 14. O-O f6 15.
Bf3 Be6 16. b4 a6 17. Nb3 Bf7 18. Nc5 e5 19. dxe5 fxe5 20. Bg3 e4 21. Bg4 d4 22. Ra3 h5 23. Bd7 Bd5 24. Be6+ Bxe6 25.
Nxe6 Rf5 26. Nxg7 Kxg7 27. cxd4 Rd8 28. Rd1 Rfd5 29. Rc1 Rxd4 30. b5 Rd1+ 31. Rxd1 Rxd1+ 32. Kh2 axb5 33. Ra8 Kf7 34. Rc8 Rb1 35.
Rc7+ Ke6 36. Rxb7 Rxb2 37. Rg7 Kf6 38. Rb7 b4 39. Rb6 Rc2 40. Bd6 Kf5 41. Rb5+ Ke6 42. Bxb4 Rxf2 43. Be1 Rf5 44.
Rb6 Kd5 45. g4 hxg4 46. hxg4 Rf1 47. Bg3 e3 48. Rb5+ Ke4 49. Rg5 Rf6 50. Kg2 Re6 51. Rc5 Nd4 52. Rc8 Kd3 53. Rd8 Re4 54.
Kh3 e2 55. Be1 Ke3 56. Kg3 Kd3 57. Rd6 Re3 58. Kg2 Re6 59. Rd8 Kc4 60. Rc8+ Kb3 61. Rc3+ Kb2 62. Rd3 Nc2 63. Kf2 Rf6 64.
Rf3 Rxf3 65. Kxf3 Nxe1+ 66. Kxe2 Ng2 67. Kf3 Ne1+ 68. Kf4 Nd3+ 69. Kg5 1/2-1/2

[Event "Masterklassen 2025"]
[Site "Uppsala, Sweden"]
[Date "2025.07.02"]
[Round "5.11"]
[White "Soppela, Toni"]
[Black "Lind, Jan-Olov"]
[Result "1-0"]
[TimeControl "90 min for 40 move + 30 min with an increment of 30 sec starting move 1"]
[WhiteFideId "1766163"]
[BlackFideId "1701193"]
[WhiteElo "2090"]
[BlackElo "2057"]

1. d4 Nf6 2. c4 c5 3. d5 e5 4. Nc3 d6 5. e4 Be7 6. h3 a6 7. Be3 Nbd7 8. Be2 O-O 9. Nf3 Qa5 10.
Nd2 Rb8 11. a4 Qd8 12. Nf1 Ne8 13. Qd2 g6 14. g4 Ng7 15. Ng3 Nb6 16. Bh6 Bh4 17. Rg1 f6 18. Be3 Kh8 19. b3 Bd7 20.
Bd3 Qe7 21. O-O-O Na8 22. Qe2 Nc7 23. f4 Bxg3 24. Rxg3 exf4 25. Bxf4 g5 26. Bd2 Qe5 27. Rf3 b5 28. axb5 axb5 29.
Nb1 bxc4 30. Bxc4 Nb5 31. Bxb5 Bxb5 32. Qe3 Rbe8 33. Re1 Qd4 34. Bc3 Qxe3+ 35. Rexe3 Kg8 36. Nd2 Re7 37.
Bxf6 Rb7 38. Bxg5 Ra8 39. Bf6 Ra2 40. Bb2 c4 41. Rc3 cxb3 42. Rxb3 Ra4 43. Rf6 Ne8 44. Rf5 Rc7+ 45. Kb1 Be2 46.
Re3 Bd1 47. Rc3 Rxc3 48. Bxc3 Be2 49. Kc2 Ra2+ 50. Kb3 Ra8 51. Nf3 Bd1+ 52. Kb2 Ra4 53. Ng5 h6 54. Ne6 Ra8 55. Rf8+ Kh7 56.
Nf4 Nc7 57. Rf7+ 1-0

[Event "Masterklassen 2025"]
[Site "Uppsala, Sweden"]
[Date "2025.07.02"]
[Round "5.12"]
[White "Wakeham, Daniel"]
[Black "Nygren, David"]
[Result "0-1"]
[TimeControl "90 min for 40 move + 30 min with an increment of 30 sec starting move 1"]
[WhiteFideId "1705482"]
[BlackFideId "1704761"]
[WhiteElo "2045"]
[BlackElo "2094"]

1. d4 e6 2. Nf3 d5 3. e3 c5 4. c3 Nc6 5. Bd3 Nf6 6. O-O Bd6 7. Nbd2 cxd4 8. exd4 O-O 9. Re1 Qc7 10.
Qe2 Bf4 11. g3 Bh6 12. Nh4 Re8 13. f4 g6 14. Nhf3 Bd7 15. Ne5 Nxe5 16. fxe5 Nh5 17. Rf1 Rf8 18. Nf3 Bxc1 19. Raxc1 Rae8 20.
Ng5 f5 21. g4 Ng7 22. h4 Qd8 23. gxf5 gxf5 24. Kf2 h6 25. Nf3 Re7 26. Qd2 Kh7 27. Nh2 Qe8 28. Ng4 Qh5 29. Rg1 Ne8 30.
Rg3 Rg7 31. Rcg1 Qxh4 32. Kf1 Rfg8 33. Qf4 Kh8 34. R1g2 Rxg4 35. Rxg4 Rxg4 36. Rxg4 Qxg4 37. Qxh6+ Kg8 38. Be2 Qg7 39.
Qh4 Qh7 40. Qd8 Qf7 41. Qb8 Bc6 42. Qxa7 f4 43. Kf2 Qg6 44. b4 Qg3+ 45. Kf1 f3 46. Bxf3 Qxf3+ 47. Kg1 Qg3+ 48. Kh1 Qxc3 49. b5 Qa1+ 50. Kh2 Qb2+ 0-1

[Event "Masterklassen 2025"]
[Site "Uppsala, Sweden"]
[Date "2025.07.02"]
[Round "5.13"]
[White "Darnell, Anton"]
[Black "Malm, Simon"]
[Result "1-0"]
[TimeControl "90 min for 40 move + 30 min with an increment of 30 sec starting move 1"]
[WhiteFideId "1720244"]
[BlackFideId "1759825"]
[WhiteElo "2007"]
[BlackElo "2007"]

1. d4 d5 2. c4 c6 3. Nf3 e6 4. e3 Nf6 5. Nbd2 Nbd7 6. Bd3 Be7 7. O-O O-O 8. e4 dxe4 9. Nxe4 c5 10.
Nxf6+ Bxf6 11. Be3 cxd4 12. Nxd4 Ne5 13. Bc2 Bd7 14. Qe2 Qc7 15. Rac1 Nc6 16. Nb5 Qe5 17. Qd3 Rfd8 18. Qxh7+ Kf8 19.
Rce1 g6 20. Bh6+ Ke7 21. Bxg6 Rf8 22. Rxe5 Nxe5 23. Bxf8+ Rxf8 24. Bb1 Nxc4 25. Qe4 Bxb5 26. Qxb7+ Bd7 27. Qb4+ Nd6 28. Rd1 Be5 29. f4 a5 30.
Qd2 1-0

[Event "Masterklassen 2025"]
[Site "Uppsala, Sweden"]
[Date "2025.07.02"]
[Round "5.14"]
[White "Lundberg, David"]
[Black "Stanley, Mikael"]
[Result "1-0"]
[TimeControl "90 min for 40 move + 30 min with an increment of 30 sec starting move 1"]
[WhiteFideId "1707051"]
[BlackFideId "1703730"]
[WhiteElo "2193"]
[BlackElo "2150"]

1. e4 c5 2. Nf3 e6 3. d4 cxd4 4. Nxd4 Nc6 5. Nc3 Qc7 6. Be3 Nf6 7. Qf3 Bb4 8. Ndb5 Qa5 9. Bf4 O-O 10.
a3 a6 11. Nd6 e5 12. Nc4 Bxc3+ 13. bxc3 Qc7 14. Bg5 Na5 15. Bxf6 gxf6 16. Nxa5 Qxa5 17. Bc4 f5 18. O-O fxe4 19. Qxe4 Qxc3 20. Rad1 d5 21.
Bxd5 Kh8 22. Rd3 Qc7 23. f4 exf4 24. Qd4+ f6 25. Rxf4 Qg7 26. Rg3 Qe7 27. Rxf6 1-0

[Event "Masterklassen 2025"]
[Site "Uppsala, Sweden"]
[Date "2025.07.02"]
[Round "5.15"]
[White "Sergelenbaatar, Khaschuluu"]
[Black "Ask, Josef"]
[Result "0-1"]
[TimeControl "90 min for 40 move + 30 min with an increment of 30 sec starting move 1"]
[BlackTitle "FM"]
[WhiteFideId "4920929"]
[BlackFideId "1704583"]
[WhiteElo "1996"]
[BlackElo "2121"]

1. e4 Nc6 2. Nf3 g6 3. d4 Bg7 4. Nc3 d6 5. Bc4 Nf6 6. O-O Bg4 7. Be3 O-O 8. h3 Bxf3 9. Qxf3 e5 10.
dxe5 Nxe5 11. Qe2 Nxc4 12. Qxc4 Re8 13. Rad1 Qe7 14. f3 c6 15. Rfe1 Rad8 16. a4 Nh5 17. a5 Be5 18. Ne2 Qh4 19.
a6 d5 20. Qd3 b6 21. Bf2 Qf6 22. exd5 Rxd5 23. Qc4 b5 24. Qg4 Qd6 25. Nc3 Bh2+ 26. Kh1 Rxe1+ 27. Rxe1 f5 28. Qh4 Rd2 29.
Qe7 Rxf2 30. Qe8+ Kg7 31. Re7+ Kh6 32. Qf8+ Kg5 33. Ne4+ fxe4 34. h4+ Kxh4 35. Rxe4+ Bf4 36. Rxf4+ Qxf4 37.
Qe7+ Kg3 38. Qe1 Qh4+ 39. Kg1 Qh2# 0-1

[Event "Masterklassen 2025"]
[Site "Uppsala, Sweden"]
[Date "2025.07.02"]
[Round "5.16"]
[White "Bjorkman, Filip"]
[Black "Schriever-Abeln, Marius"]
[Result "1/2-1/2"]
[TimeControl "90 min for 40 move + 30 min with an increment of 30 sec starting move 1"]
[WhiteFideId "1734970"]
[BlackFideId "1752650"]
[WhiteElo "2113"]
[BlackElo "2052"]

1. e4 c5 2. Nf3 d6 3. d4 cxd4 4. Nxd4 Nf6 5. Nc3 a6 6. f3 e5 7. Nb3 Be6 8. Be3 Be7 9. Qd2 h5 10.
Nd5 Nxd5 11. exd5 Bf5 12. Bd3 Bxd3 13. Qxd3 Nd7 14. O-O-O Bg5 15. Kb1 Rc8 16. Rhe1 O-O 17. Qf5 Bxe3 18.
Rxe3 g6 19. Qd3 b5 20. c3 Nc5 21. Nxc5 Rxc5 22. f4 exf4 23. Re4 Qg5 24. Qd2 Qf5 25. Qxf4 Rxd5 26. Rxd5 Qxd5 27. a3 Qc6 28.
g4 hxg4 29. Qxg4 d5 30. Rd4 Re8 31. Qg5 Re1+ 32. Ka2 Re2 33. Qd8+ Re8 34. Qxd5 Qxd5+ 35. Rxd5 Re6 36. Kb3 f5 37.
h4 f4 38. Kc2 Kg7 39. h5 gxh5 40. Rxh5 Re2+ 41. Kd3 1/2-1/2

[Event "Masterklassen 2025"]
[Site "Uppsala, Sweden"]
[Date "2025.07.03"]
[Round "6.1"]
[White "Cederstam, Carl"]
[Black "Mashhadi, Peyman"]
[Result "1/2-1/2"]
[TimeControl "90 min for 40 move + 30 min with an increment of 30 sec starting move 1"]
[WhiteTitle "FM"]
[WhiteFideId "1713329"]
[BlackFideId "1768581"]
[WhiteElo "2316"]
[BlackElo "2132"]

1. d4 g6 2. e4 Bg7 3. Nf3 d6 4. Be2 Nf6 5. Nc3 O-O 6. O-O c6 7. a4 Qc7 8. h3 e5 9. dxe5 dxe5 10.
Bc4 Nh5 11. Ne2 Nd7 12. Ng3 Nf4 13. Ne2 Nh5 14. Ng3 Nf4 15. Ne2 Nh5 1/2-1/2

[Event "Masterklassen 2025"]
[Site "Uppsala, Sweden"]
[Date "2025.07.03"]
[Round "6.2"]
[White "Johnson, Daniel"]
[Black "Crevatin, Leo"]
[Result "0-1"]
[TimeControl "90 min for 40 move + 30 min with an increment of 30 sec starting move 1"]
[BlackTitle "FM"]
[WhiteFideId "1721283"]
[BlackFideId "1726307"]
[WhiteElo "2175"]
[BlackElo "2248"]

1. d4 d5 2. c4 e6 3. Nc3 Nf6 4. cxd5 exd5 5. Bg5 c6 6. e3 Be6 7. Bd3 Nbd7 8. Nge2 h6 9. Bh4 g5 10.
Bg3 Nh5 11. Qc2 Nxg3 12. hxg3 Qf6 13. f3 Nb6 14. e4 dxe4 15. fxe4 O-O-O 16. O-O-O Kb8 17. Kb1 Bg7 18.
a3 Qe7 19. e5 c5 20. Be4 cxd4 21. Nxd4 Bxe5 22. Nxe6 Qxe6 23. Bf5 Qc6 24. Ne4 Qxc2+ 25. Kxc2 Nc4 26. Rxd8+ Rxd8 27. g4 Bg7 28. Nc3 Rd2+ 29. Kb3 Na5+ 30. Ka4 Rxb2 31. Nd5 Nc4 32. Nb4 a6 33. Nxa6+ bxa6 34. Rd1 Rb5 35.
Rd8+ Ka7 0-1

[Event "Masterklassen 2025"]
[Site "Uppsala, Sweden"]
[Date "2025.07.03"]
[Round "6.3"]
[White "Hammarstrom, Ulf"]
[Black "Eriksson, Jorgen"]
[Result "1/2-1/2"]
[TimeControl "90 min for 40 move + 30 min with an increment of 30 sec starting move 1"]
[WhiteFideId "1710214"]
[BlackFideId "1701967"]
[WhiteElo "2176"]
[BlackElo "2160"]

1. e4 c5 2. c3 d5 3. exd5 Qxd5 4. d4 e6 5. Nf3 Nf6 6. Na3 a6 7. Nc4 Nbd7 8. Be2 b5 9. Ne3 Qc6 10.
a4 Bb7 11. axb5 axb5 12. Rxa8+ Bxa8 13. O-O Be7 14. dxc5 Qxc5 15. Nc2 Nd5 16. Nfd4 b4 17. c4 N5f6 18. Be3 Qd6 19. Qa1 O-O 20.
Rd1 Qb8 21. Qa4 Be4 22. f3 Bxc2 23. Nxc2 Qb7 24. Ra1 Rb8 25. Qa7 Qxa7 26. Rxa7 h6 27. Rc7 Bd8 28. Rc6 Be7 29. Rc7 Bd6 30.
Rc6 Be7 1/2-1/2

[Event "Masterklassen 2025"]
[Site "Uppsala, Sweden"]
[Date "2025.07.03"]
[Round "6.4"]
[White "Hagevi, Vidar"]
[Black "Muntean, Victor"]
[Result "0-1"]
[TimeControl "90 min for 40 move + 30 min with an increment of 30 sec starting move 1"]
[WhiteFideId "1767526"]
[BlackFideId "1054414"]
[WhiteElo "2139"]
[BlackElo "2140"]

1. d4 Nf6 2. c4 g6 3. g3 Bg7 4. Bg2 O-O 5. Nc3 d6 6. Nf3 Nc6 7. O-O Bf5 8. Nh4 Bd7 9. e4 e5 10.
d5 Nd4 11. Qd3 c5 12. f4 a6 13. f5 b5 14. b3 Rb8 15. fxg6 fxg6 16. Bg5 bxc4 17. bxc4 Qa5 18. Kh1 Ng4 19.
Bf3 Rb2 20. Bxg4 Bxg4 21. Be7 Re8 22. Bxd6 Rc2 23. Rac1 Rxc1 24. Rxc1 Qb6 25. Bxc5 Qxc5 26. Nd1 Bh6 27. Ne3 Bf3+ 28.
Nxf3 Nxf3 29. Rf1 Nxh2 30. Kxh2 Qxe3 31. Rf3 Qxd3 32. Rxd3 Bf8 33. d6 Rd8 34. c5 Kf7 35. Rb3 Ke6 36.
Rb7 Rd7 37. Rb8 Bxd6 38. cxd6 Rxd6 39. Kh3 Rc6 40. Rb7 h6 41. Rg7 Kf6 42. Rd7 Rc4 43. Rd6+ Kg5 44. Rxa6 Rxe4 45. a4 Re2 46.
a5 h5 47. Ra8 Re3 48. Kh2 Kg4 49. Rg8 g5 50. a6 Re2+ 51. Kg1 Ra2 52. Rg6 e4 53. a7 Rxa7 54. Kf2 Ra3 55. Re6 e3+ 56.
Kg2 Ra2+ 57. Kg1 Kf3 58. g4 Ra1+ 59. Kh2 e2 60. Rf6+ Kxg4 61. Re6 e1=Q 62. Re4+ Kf3 0-1

[Event "Masterklassen 2025"]
[Site "Uppsala, Sweden"]
[Date "2025.07.03"]
[Round "6.5"]
[White "Walinder, Lars"]
[Black "Ostensson, Julia"]
[Result "1-0"]
[TimeControl "90 min for 40 move + 30 min with an increment of 30 sec starting move 1"]
[WhiteTitle "FM"]
[WhiteFideId "1707329"]
[BlackFideId "1747703"]
[WhiteElo "2181"]
[BlackElo "2005"]

1. c4 Nf6 2. Nc3 g6 3. e4 d6 4. d4 Bg7 5. Nf3 O-O 6. Be2 e5 7. d5 a5 8. Bg5 Na6 9. Nd2 Nc5 10.
O-O h6 11. Be3 Ne8 12. b3 f5 13. f3 f4 14. Bf2 g5 15. a3 h5 16. Rb1 Rf6 17. b4 axb4 18. axb4 Nd7 19. c5 Rg6 20.
c6 Ndf6 21. cxb7 Bxb7 22. Ra1 Rxa1 23. Qxa1 g4 24. Bh4 Bh6 25. Kh1 g3 26. Qa7 Qa8 27. Qxa8 Bxa8 28. Ra1 Bb7 29. Bb5 1-0

[Event "Masterklassen 2025"]
[Site "Uppsala, Sweden"]
[Date "2025.07.03"]
[Round "6.6"]
[White "Nygren, David"]
[Black "Dingertz, Erik"]
[Result "1-0"]
[TimeControl "90 min for 40 move + 30 min with an increment of 30 sec starting move 1"]
[WhiteFideId "1704761"]
[BlackFideId "1741578"]
[WhiteElo "2094"]
[BlackElo "2121"]

1. Nf3 d5 2. d4 Nf6 3. e3 c5 4. b3 Nc6 5. a3 cxd4 6. exd4 Bg4 7. Be2 e6 8. O-O Bd6 9. Bb2 O-O 10.
Ne5 Bxe2 11. Qxe2 Qb6 12. Nxc6 bxc6 13. Nd2 Rae8 14. Rae1 a5 15. Qd3 Qb8 16. Nf3 Ne4 17. Ne5 Qc7 18.
f3 Nf6 19. Qd2 Nh5 20. g4 f6 21. gxh5 fxe5 22. dxe5 Bc5+ 23. Kh1 Rf5 24. b4 axb4 25. axb4 Bb6 26. h6 Qf7 27. hxg7 Rxf3 28.
Qg2 Rxf1+ 29. Rxf1 Qxg7 30. Rf3 Qxg2+ 31. Kxg2 Rf8 32. Rc3 Bd4 33. Rg3+ 1-0

[Event "Masterklassen 2025"]
[Site "Uppsala, Sweden"]
[Date "2025.07.03"]
[Round "6.7"]
[White "Jonsson, Jacob"]
[Black "Granath, Jonas"]
[Result "0-1"]
[TimeControl "90 min for 40 move + 30 min with an increment of 30 sec starting move 1"]
[WhiteFideId "1726315"]
[BlackFideId "1761013"]
[WhiteElo "2112"]
[BlackElo "2008"]

1. d4 d5 2. c4 e6 3. Nf3 Nf6 4. Nc3 Be7 5. Bf4 O-O 6. e3 c5 7. dxc5 Bxc5 8. Qc2 Nc6 9. a3 Qa5 10.
Rd1 Be7 11. Be2 Ne4 12. cxd5 Nxc3 13. Qxc3 Qxc3+ 14. bxc3 exd5 15. a4 Rd8 16. Rb1 b6 17. Kd2 Na5 18. Nd4 Bd7 19. Bb5 a6 20.
Bxd7 Rxd7 21. Kd3 Nc4 22. Rb3 Rc8 23. Nf3 Bf6 24. Bg5 Bxg5 25. Nxg5 Rdc7 26. Rc1 Rc5 27. Nf3 Ra5 28. Rb4 Rxa4 29.
Kd4 Ra2 30. Kxd5 b5 31. Rf1 Rc2 32. Rb3 Nb6+ 33. Kd4 Na4 34. Ra3 Rc4+ 35. Kd3 R2xc3+ 36. Rxc3 Rxc3+ 37. Kd2 b4 38.
Rc1 Kf8 39. Rxc3 Nxc3 40. Nd4 Ke8 41. Kd3 Kd7 42. f3 Kd6 43. Kc4 Nd1 44. Nc2 a5 45. e4 Kc6 46. g3 Nb2+ 47. Kb3 Nd3 48.
Kc4 Ne5+ 0-1

[Event "Masterklassen 2025"]
[Site "Uppsala, Sweden"]
[Date "2025.07.03"]
[Round "6.8"]
[White "Odell-Johansson, Leo"]
[Black "Soppela, Toni"]
[Result "1-0"]
[TimeControl "90 min for 40 move + 30 min with an increment of 30 sec starting move 1"]
[WhiteFideId "1722727"]
[BlackFideId "1766163"]
[WhiteElo "1991"]
[BlackElo "2090"]

1. c4 Nf6 2. Nc3 c5 3. g3 g6 4. Bg2 Bg7 5. e4 Nc6 6. Nge2 d6 7. d3 O-O 8. O-O a6 9. h3 Rb8 10. a4 Ne8 11. Be3 Nc7 12. d4 cxd4 13. Nxd4 e5 14. Nde2 Ne6 15. Rb1 Ned4 16. b4 Be6 17. b5 Nxe2+ 18. Nxe2 Na5 19. c5 Nc4 20. cxd6 Nxe3 21. fxe3 Qb6 22. Qd3 Bh6 23. Nc3 Qxe3+ 24. Qxe3 Bxe3+ 25. Kh2 Rbd8 26. Nd5 Bxd5 27. exd5 Rxd6 28. Rfe1 Bd4 29. Rec1 Rfd8 30. Rc7 axb5 31. axb5 b6 32. g4 R8d7 33. Rc6 f6 34. Be4 Bc5 35. Rc1 Ra7 36. R1xc5 Ra2+ 37. Rc2 Rxc2+ 38. Bxc2 1-0

[Event "Masterklassen 2025"]
[Site "Uppsala, Sweden"]
[Date "2025.07.03"]
[Round "6.9"]
[White "Karde, Douglas"]
[Black "Lundberg, David"]
[Result "1-0"]
[TimeControl "90 min for 40 move + 30 min with an increment of 30 sec starting move 1"]
[WhiteFideId "1761498"]
[BlackFideId "1707051"]
[WhiteElo "2064"]
[BlackElo "2193"]

1. e4 c5 2. Nf3 Nc6 3. d3 g6 4. g3 Bg7 5. Bg2 d6 6. O-O e5 7. Nc3 Nge7 8. Nd2 O-O 9. Nc4 Rb8 10.
a4 a6 11. Nd5 b5 12. axb5 axb5 13. Nce3 Be6 14. f4 exf4 15. Nxf4 Bd7 16. c3 Ne5 17. h4 h6 18. h5 g5 19.
Nfd5 Nxd5 20. Nxd5 Bg4 21. Qc2 Qd7 22. Ra6 f5 23. d4 cxd4 24. cxd4 Nc4 25. exf5 Bxd4+ 26. Kh2 Qf7 27. Bh3 Bxh3 28.
f6 Ne5 29. Ne7+ Qxe7 30. fxe7 Rxf1 31. Rxd6 Bf5 32. Rd8+ Rxd8 33. exd8=Q+ Kg7 34. Qxd4 1-0

[Event "Masterklassen 2025"]
[Site "Uppsala, Sweden"]
[Date "2025.07.03"]
[Round "6.10"]
[White "Eklund, Joel"]
[Black "Darnell, Anton"]
[Result "1-0"]
[TimeControl "90 min for 40 move + 30 min with an increment of 30 sec starting move 1"]
[WhiteFideId "1705288"]
[BlackFideId "1720244"]
[WhiteElo "2194"]
[BlackElo "2007"]

1. c4 e6 2. g3 d5 3. Bg2 Nf6 4. Nf3 Nbd7 5. O-O c6 6. d4 Bd6 7. Nfd2 O-O 8. Nc3 Be7 9. e4 dxe4 10.
Ndxe4 Nxe4 11. Nxe4 f5 12. Nc3 e5 13. d5 e4 14. dxc6 bxc6 15. f3 exf3 16. Qxf3 Ne5 17. Qe2 Bf6 18.
Bf4 Re8 19. Rad1 Qb6+ 20. Qf2 Nxc4 21. Qxb6 axb6 22. Bxc6 Nxb2 23. Bxe8 Nxd1 24. Bc6 Ra3 25. Bd5+ Kh8 26. Nxd1 g5 27.
Be3 Ba6 28. Rxf5 Rd3 29. Nf2 Rxe3 30. Rxf6 Re1+ 31. Kg2 Bf1+ 32. Kf3 Be2+ 33. Ke3 Bc4+ 34. Kd4 Bxd5 35. Kxd5 Re2 36. a3 Re3 37.
a4 Ra3 38. Rxb6 Rxa4 39. Rb7 h5 40. Ne4 Ra6 41. Ke5 Ra5+ 42. Kf6 Ra6+ 43. Kf5 1-0

[Event "Masterklassen 2025"]
[Site "Uppsala, Sweden"]
[Date "2025.07.03"]
[Round "6.11"]
[White "Willstedt, Lukas"]
[Black "Kingsley, Elias"]
[Result "1-0"]
[TimeControl "90 min for 40 move + 30 min with an increment of 30 sec starting move 1"]
[WhiteFideId "1751913"]
[BlackFideId "1775006"]
[WhiteElo "2055"]
[BlackElo "2072"]

1. d4 Nf6 2. c4 e6 3. Nf3 b6 4.
g3 Bb7 5. Bg2 Bb4+ 6. Bd2 Bxd2+ 7. Qxd2 O-O 8. O-O d6 9. Nc3 Qe7 10. d5 e5 11. e4 g6 12. Ng5 h6 13. Nh3 Kg7 14.
f4 exf4 15. gxf4 Ng4 16. Qd4+ f6 17. Nf2 Nxf2 18. Rxf2 Bc8 19. Re1 Nd7 20. Bh3 Kh7 21. b4 f5 22. Rfe2 Qh4 23. exf5 Ne5 24.
Qe3 Bxf5 25. Bxf5 Rxf5 26. fxe5 Rxe5 27. Ne4 Rae8 28. Qf2 Qg4+ 29. Qg2 Qh4 30. Qg3 Qd8 31. Nc3 Rxe2 32. Rxe2 Rxe2 33.
Nxe2 Qf6 34. a3 Qa1+ 35. Kf2 Qa2 36. Qc3 h5 37. h3 1-0